Map: Frost LE

Players

Neeb - Winner!

  • Race: Protoss Protoss

uThermal

  • Race: Terran Terran
  • League: Diamond

Event: WCS Copa Intercontinental

VOD

https://youtu.be/rJuxhBFxzrs

Description

Time

  • Played on: Sept. 11, 2016, 5:09 p.m.
  • Length: 15:24

All games in this series

Show
View Real Time Build Order
Export as new Build Order

Neeb Protoss - Winner!

Build Orders: 1 Gate Expand, Blink Stalkers 

Get SALT Encoding   

  12  0:01  Probe (Chrono Boost)  
  13  0:11  Probe (Chrono Boost)  
  14  0:20  Pylon  
  14  0:22  Probe (Chrono Boost)  
  15  0:38  Probe (Chrono Boost)  
  15  0:39  Gateway  
  16  0:49  Probe (Chrono Boost)  
  17  0:50  Assimilator  
  17  0:59  Probe (Chrono Boost)  
  18  1:10  Probe (Chrono Boost)  
  19  1:18  Nexus  
  19  1:21  Probe (Chrono Boost)  
  20  1:30  Cybernetics Core  
  20  1:35  Probe (Chrono Boost)  
  21  1:44  Assimilator  
  21  1:45  Probe (Chrono Boost)  
  22  1:50  Pylon  
  22  1:56  Probe (Chrono Boost)  
  23  2:05  Stalker  
  23  2:07  Warp Gate  
  24  2:09  Probe (Chrono Boost)  
  26  2:21  Probe (Chrono Boost)  
  27  2:30  Probe (Chrono Boost)  
  27  2:32  Mothership Core (Chrono Boost)  
  30  2:37  Stalker  
  30  2:41  Probe (Chrono Boost)  
  33  2:51  Probe x2 (Chrono Boost)  
  34  2:56  Robotics Facility  
  35  3:01  Probe (Chrono Boost)  
  35  3:02  Probe (Chrono Boost)  
  37  3:12  Probe x2 (Chrono Boost)  
  39  3:15  Twilight Council  
  39  3:22  Probe (Chrono Boost)  
  39  3:23  Probe (Chrono Boost)  
  39  3:26  Gateway  
  41  3:27  Gateway  
  41  3:33  Probe x2 (Chrono Boost)  
  43  3:35  Pylon  
  43  3:40  Observer  
  43  3:41  Blink  
  43  3:44  Probe (Chrono Boost)  
  43  3:45  Probe (Chrono Boost)  
  43  3:47  Assimilator  
  46  3:53  Pylon  
  48  3:57  Probe x2 (Chrono Boost)  
  48  4:08  Observer  
  48  4:09  Probe x2 (Chrono Boost)  
  50  4:16  Stalker  
  53  4:21  Probe x2 (Chrono Boost)  
  55  4:25  Pylon  
  55  4:28  Stalker  
  55  4:29  Stalker  
  59  4:33  Pylon  
  59  4:35  Pylon  
  59  4:37  Nexus  
  59  4:40  Warp Prism  
  61  4:57  Stalker  
  61  4:58  Stalker x2  
  67  5:03  Pylon  
  67  5:06  Probe x2 (Chrono Boost)  
  68  5:12  Assimilator  
  68  5:15  Forge  
  68  5:18  Probe x2 (Chrono Boost)  
  70  5:22  Observer  
  70  5:23  Stalker x2  
  70  5:24  Stalker  
  77  5:30  Probe x2 (Chrono Boost)  
  77  5:33  Protoss Ground Weapons Level 1  
  79  5:36  Resonating Glaives  
  79  5:40  Pylon  
  79  5:42  Probe x2 (Chrono Boost)  
  81  5:48  Immortal  
  81  5:54  Probe (Chrono Boost)  
  81  5:55  Probe (Chrono Boost)  
  81  5:56  Adept  
  89  5:57  Adept  
  89  6:00  Adept  
  89  6:01  Probe (Chrono Boost)  
  94  6:06  Probe (Chrono Boost)  
  94  6:08  Probe (Chrono Boost)  
  96  6:13  Probe (Chrono Boost)  
  96  6:16  Gateway  
  98  6:18  Probe (Chrono Boost)  
  98  6:20  Gateway  
  98  6:23  Immortal  
  98  6:24  Gateway  
  98  6:31  Pylon  
  102  6:43  Gateway  
  102  6:44  Gateway  
  102  6:48  Photon Cannon  
  102  6:50  Pylon  
  102  6:52  Sentry x3  
  108  6:57  Immortal  
  108  7:03  Pylon  
  112  7:14  Protoss Ground Armor Level 1  
  110  7:16  Probe x3 (Chrono Boost)  
  110  7:28  Probe (Chrono Boost)  
  110  7:33  Probe (Chrono Boost)  
  110  7:34  Probe (Chrono Boost)  
  112  7:41  Probe (Chrono Boost)  
  111  7:44  Adept x2  
  111  7:47  Adept x4  
  111  7:48  Adept x2  
  111  7:50  Immortal  
  127  7:51  Pylon  
  127  7:52  Pylon  
  131  8:05  Pylon x2  
  130  8:20  Assimilator, Probe x3 (Chrono Boost)  
  130  8:21  Assimilator  
  130  8:22  Adept x4, Forge  
  130  8:26  Observer  
  135  8:43  Adept  
  135  8:44  Stalker x6  
  135  8:45  Stalker  
  135  8:46  Warp Prism  
  141  8:50  Protoss Ground Weapons Level 2  
  141  8:51  Templar Archives  
  141  8:52  Protoss Ground Armor Level 2  
  146  8:56  Probe x2 (Chrono Boost)  
  146  8:57  Probe (Chrono Boost)  
  146  9:07  Nexus  
  146  9:21  Adept x2  
  146  9:22  Stalker x5, Adept  
  162  9:26  Psionic Storm  
  162  9:42  High Templar  
  146  9:54  Adept x2  
  146  9:58  High Templar x2  
  156  10:01  Probe x3 (Chrono Boost)  
  153  10:16  Pylon  
  153  10:19  Pylon  
  147  10:22  Assimilator  
  147  10:26  Assimilator  
  139  10:32  High Templar x2, Adept  
  139  10:33  Adept x5  
  139  10:34  Immortal  
  155  10:50  Archon  
  155  10:53  Stalker x2  
  155  10:54  Stalker x3  
  143  11:04  Stalker  
  143  11:11  Stalker x2  
  121  11:22  Stalker x4  
  129  11:31  Pylon  
  129  11:32  High Templar x2  
  133  11:36  High Templar  
  133  11:38  Protoss Ground Armor Level 3  
  135  11:49  Charge  
  130  11:58  Protoss Ground Weapons Level 3  
  124  12:13  Probe x2 (Chrono Boost), Adept x4  
  124  12:14  Adept x3  
  137  12:16  Adept  
  138  12:34  Stalker x4  
  138  12:35  Stalker x3  
  152  12:53  Stalker  
  154  12:59  Stalker x5  
  154  13:01  Adept x2  
  165  13:14  Probe x2 (Chrono Boost)  
  165  13:16  Probe (Chrono Boost)  
  140  13:31  Probe x4 (Chrono Boost)  
  140  13:33  Stalker x7  
  140  13:34  Stalker  
  149  13:43  Probe x3 (Chrono Boost)  
  149  13:46  Probe (Chrono Boost)  
  138  14:12  Probe (Chrono Boost)  
  138  14:13  Probe x3 (Chrono Boost), High Templar x2  
  138  14:14  High Templar  
  138  14:15  Stalker x5  
  156  14:44  High Templar x2  
  156  14:45  Stalker x4  
  161  14:56  Stalker x2  
Show
View Real Time Build Order
Export as new Build Order

uThermal Terran 

Build Orders: MMM Bio 

Get SALT Encoding   

  12  0:01  SCV  
  13  0:13  SCV  
  14  0:17  Supply Depot  
  14  0:26  SCV  
  15  0:39  SCV, Barracks  
  16  0:43  Refinery  
  16  0:51  SCV  
  17  1:03  SCV  
  18  1:15  SCV  
  19  1:27  Orbital Command  
  19  1:29  Barracks Reactor  
  19  1:41  Command Center  
  19  1:53  SCV  
  20  1:57  Supply Depot  
  20  2:05  SCV, Marine x2  
  23  2:11  Factory  
  23  2:19  SCV  
  24  2:23  Marine x2  
  26  2:31  SCV  
  26  2:33  Refinery  
  27  2:41  Marine x2  
  27  2:43  SCV  
  29  2:54  Orbital Command  
  29  2:55  SCV  
  29  2:58  Starport  
  30  3:02  Widow Mine  
  32  3:07  SCV  
  32  3:09  Marine  
  32  3:10  Marine  
  35  3:19  SCV  
  36  3:20  SCV  
  36  3:25  Supply Depot  
  37  3:27  Marine  
  37  3:28  Marine  
  37  3:31  SCV  
  37  3:32  SCV  
  41  3:34  Medivac  
  41  3:36  Widow Mine  
  45  3:43  Supply Depot  
  45  3:45  Marine  
  45  3:46  Marine  
  47  3:49  Bunker  
  47  3:51  SCV  
  47  3:53  SCV  
  49  3:58  Supply Depot  
  49  4:03  Marine  
  49  4:04  SCV, Marine  
  49  4:05  SCV  
  49  4:09  Factory Tech Lab  
  53  4:10  Starport Tech Lab  
  53  4:14  Barracks  
  53  4:20  Barracks  
  53  4:21  SCV  
  53  4:23  SCV  
  55  4:24  Marine  
  55  4:25  Marine  
  55  4:29  Raven  
  59  4:34  Siege Tank  
  62  4:38  SCV, Supply Depot  
  62  4:40  SCV  
  64  4:49  Supply Depot  
  64  4:50  SCV  
  64  4:52  SCV  
  66  4:56  Marine  
  66  4:57  Marine  
  68  5:02  SCV  
  68  5:04  SCV  
  70  5:12  Command Center  
  70  5:15  SCV  
  70  5:18  SCV  
  70  5:20  Stimpack, Combat Shields  
  70  5:21  Liberator  
  72  5:22  Marine  
  72  5:23  Supply Depot, Marine  
  72  5:24  Factory Reactor  
  72  5:27  SCV  
  72  5:28  Refinery  
  75  5:30  Refinery  
  75  5:32  Marine  
  75  5:33  Supply Depot  
  76  5:40  SCV  
  76  5:41  SCV  
  81  5:45  Marine x2  
  83  5:50  Supply Depot  
  83  5:52  Marine x2  
  83  5:54  SCV x2  
  87  6:06  Barracks, SCV  
  87  6:08  Barracks  
  88  6:12  Engineering Bay  
  88  6:15  SCV  
  89  6:18  SCV  
  89  6:19  Marauder x2  
  89  6:20  Marine  
  96  6:26  Orbital Command  
  96  6:28  Medivac, SCV  
  96  6:31  Medivac  
  100  6:38  SCV  
  100  6:39  Supply Depot  
  101  6:40  Terran Infantry Weapons Level 1  
  101  6:45  Starport  
  101  6:48  Fusion Core  
  101  6:50  SCV  
  102  6:54  Marine  
  102  6:55  Marauder  
  102  6:56  Marine  
  106  7:02  Marine  
  106  7:03  Liberator, Marauder  
  106  7:05  SCV, Liberator  
  106  7:06  Marine  
  106  7:07  Orbital Command  
  110  7:12  Marine  
  105  7:16  Marauder  
  105  7:18  SCV x2  
  115  7:24  Starport Tech Lab, Marauder  
  115  7:27  Refinery  
  117  7:30  Refinery  
  117  7:33  SCV x2  
  119  7:37  Liberator  
  119  7:38  Marine x2, Marauder  
  119  7:39  SCV  
  119  7:43  Advanced Ballistics  
  121  7:46  Supply Depot  
  121  7:54  Concussive Shells  
  121  7:56  Marine  
  126  7:58  SCV, Liberator, Supply Depot  
  126  7:59  SCV  
  126  8:02  Marine  
  126  8:03  Supply Depot, Marauder  
  126  8:04  Supply Depot  
  130  8:05  Barracks Tech Lab  
  130  8:06  Barracks Reactor  
  130  8:10  SCV  
  126  8:17  SCV x2  
  128  8:21  Liberator  
  128  8:25  SCV  
  128  8:26  Supply Depot x2, Marine x2  
  128  8:27  Liberator, Marine, Marauder x2  
  135  8:33  SCV  
  137  8:34  SCV  
  137  8:42  Liberator  
  137  8:43  Marine x2  
  137  8:44  Marine  
  137  8:45  Marauder  
  137  8:47  SCV x2  
  137  8:48  SCV, Marauder x2  
  149  8:50  Marine  
  151  9:02  Marine x2  
  155  9:04  Liberator, Marine  
  155  9:06  Terran Infantry Armor Level 1  
  155  9:07  Marauder  
  155  9:09  Supply Depot, Marauder x2  
  163  9:10  Marine  
  163  9:13  Liberator  
  163  9:20  Marine  
  163  9:23  Marine  
  163  9:24  Supply Depot  
  167  9:25  Supply Depot, Marine  
  167  9:27  Marine  
  167  9:28  Marauder  
  167  9:31  Liberator, Marine, Marauder  
  176  9:47  Liberator  
  176  9:49  Marine, Marauder  
  176  9:50  Marauder  
  176  9:52  Marine x2, Marauder  
  161  9:53  Marine  
  157  10:07  Marine  
  157  10:09  Marine x2  
  157  10:11  Armory, Marauder x2  
  157  10:12  Liberator  
  161  10:14  Command Center, Marine  
  161  10:15  Marine  
  159  10:27  Marine x2  
  148  10:30  Marine  
  148  10:32  Marauder x2  
  148  10:34  Liberator, Marauder  
  148  10:36  Liberator  
  148  10:41  Marine  
  149  10:45  Marine  
  144  10:54  Marine, Marauder x2  
  144  10:55  Liberator, Marine, Marauder  
  144  11:10  Marine x2  
  123  11:12  Marine  
  123  11:13  Marine  
  123  11:15  Marine, Marauder  
  123  11:17  Liberator  
  119  11:19  Terran Infantry Weapons Level 2  
  119  11:22  Marine  
  120  11:27  Marine  
  120  11:28  Marine  
  120  11:32  Marine  
  123  11:33  Marauder  
  123  11:35  Marine  
  123  11:36  Marauder  
  131  11:42  Marine  
  131  11:45  Marine  
  130  11:49  Marine  
  130  11:50  Marine  
  130  11:53  Marine  
  133  11:59  Liberator, Marine  
  137  12:02  Planetary Fortress  
  137  12:04  Marine x2  
  133  12:18  Marine, Marauder  
  133  12:20  Marine  
  134  12:23  Marine  
  134  12:26  Marine x2  
  134  12:27  Marine  
  134  12:29  Liberator x2  
  138  12:36  Marine  
  139  12:40  Marauder  
  139  12:42  Liberator  
  139  12:43  Marine  
  142  12:45  Marauder  
  148  12:59  Marine x2, Marauder  
  148  13:05  Marine x2  
  155  13:09  Marine  
  155  13:10  Marauder  
  155  13:12  Liberator x2  
  145  13:23  Marine  
  145  13:27  Liberator  
  125  13:29  Marine  
  125  13:33  Marine  
  126  13:44  Marine  
  126  13:46  Marine  
  129  13:55  Liberator x2  
  119  13:57  Marine  
  101  14:07  Marine x2  
  101  14:09  Liberator  
  94  14:10  Marine  
  94  14:11  Marine  
  94  14:13  Marine  
  94  14:15  Marine  
  104  14:18  Marine  
  105  14:25  Marine  
  108  14:33  Marine  
  108  14:34  Marauder  
  105  14:39  Marine x2  
  105  14:42  Marine  
  105  14:43  Marine  
  109  14:48  Marine  
  109  14:51  Marine  
  84  15:05  Marine  
Tags
 
Add a new tag
Caveats
  • Supply blocks, unpowered buildings, or Contaminate may cause inaccurate times.
  • Supply counts are checked every 10 seconds.